 Dungeon Crawl Stone Soup version 0.25-a0-290-g4a1327ee3a (webtiles) character file.

Game seed: 8262849337834660775, levelgen mode: classic

606 Borgoz the Ruffian (level 7, -2/60 HPs)
             Began as a Ghoul Monk on Dec 15, 2019.
             Was a Believer of Okawaru.
             Slain by a mummy (10 damage)
             ... in an ossuary.
             The game lasted 00:07:58 (4317 turns).

Borgoz the Ruffian (Ghoul Monk)                     Turns: 4317, Time: 00:07:58

Health: -2/60      AC:  7    Str: 12 (17) XL:     7   Next: 42%
Magic:  6/6        EV: 11    Int:  5      God:    Okawaru [**....]
Gold:   161        SH:  7    Dex:  7 (11) Spells: 6/6 levels left

rFire    + . .     SeeInvis .     - Unarmed
rCold    + + +     Gourm    .   a - +0 shield
rNeg     + + +     Faith    .   u - +3 leather armour {rC+}
rPois    ∞         Spirit   .   g - +0 helmet
rElec    .         Reflect  .   p - scarf {rC+ rF+}
rCorr    .         Harm     .   (no gloves)
MR       +....                  (no boots)
Stlth    +.........             (no amulet)
HPRegen  0.00/turn              k - +1 ring of evasion
MPRegen  0.10/turn              n - ring of protection from magic

@: rotting
A: rotting body, claws 1, carnivore, cold resistance 1, negative energy
resistance 3, inhibited regeneration, torment resistance, unbreathing
a: Heroism, Renounce Religion


You were in an ossuary.
You worshipped Okawaru.
Okawaru was pleased with you.
You were not hungry.

You visited 2 branches of the dungeon, and saw 6 of its levels.
You also visited: Ossuary.

You collected 161 gold pieces.

Inventory:

Hand Weapons
 r - a +0 short sword of venom
Missiles
 q - a throwing net (quivered)
Armour
 a - a +0 shield (worn)
 g - a +0 helmet (worn)
 p - a scarf of resistance (worn)
 u - a +3 leather armour of cold resistance (worn)
 w - a +0 ring mail
Jewellery
 k - a +1 ring of evasion (left claw)
 n - a ring of protection from magic (right claw)
Wands
 f - a wand of iceblast (20)
 t - a wand of flame (22)
Scrolls
 i - a scroll of remove curse
 j - a scroll of blinking
 m - a scroll of magic mapping
 o - a scroll of amnesia {unknown}
 y - a scroll of fog
Potions
 c - 3 potions of curing
 s - 3 potions of heal wounds
 v - a potion of haste
 x - a potion of ambrosia
Comestibles
 b - 7 rations


   Skills:
 + Level 4.8 Fighting
 + Level 2.5 Armour
 + Level 3.9 Dodging
 - Level 2.1 Stealth
 + Level 2.5 Shields
 * Level 5.9 Unarmed Combat


You had 6 spell levels left.
You didn't know any spells.
Your spell library contained the following spells:

 Spells                   Type           Power        Failure   Level  Hunger
 Animate Skeleton         Necr           N/A          98%         1    ##.....


Dungeon Overview and Level Annotations

Branches:
Dungeon (5/15)             Temple (1/1) D:4         Ossuary (1/1)

Altars:
Ashenzari
Cheibriados
Dithmenos
Elyvilon
Gozag
Hepliaklqana
Kikubaaqudgha
Nemelex Xobeh
Okawaru
Qazlal
Sif Muna
Trog
Vehumet
Xom
Yredelemnul
Zin
The Shining One


Innate Abilities, Weirdness & Mutations

Your body is rotting away.
You thrive on raw meat.
You are immune to poison.
You have sharp fingernails.
You are carnivorous and can eat meat at any time.
Your flesh is cold resistant. (rC+)
You are immune to negative energy. (rN+++)
You do not regenerate when monsters are visible.
You are immune to unholy pain and torment.
You can survive without breathing.


Message History

The elf zombie hits you.
* * * LOW HITPOINT WARNING * * *
You closely miss the elf zombie.
The elf zombie is almost destroyed.
The elf zombie hits you.
* * * LOW HITPOINT WARNING * * *
You claw the elf zombie!
You destroy the elf zombie!
Okawaru accepts your kill.
You feel your intelligence returning.
There is an open door here.
A mummy comes into view.
There is a gate leading back out of this place here.
You claw the mummy!
The mummy is heavily damaged.
The mummy barely misses you.
You closely miss the mummy.
The mummy is heavily damaged.
The mummy hits you!
You die...

#...#.!..#.^#....#...#
#...#!#..#.^#..#.#...#
#...#!####..####.#...#
#...#............#...#
#...#.####.......#...#
#...#.#..#.......#...#
#...#....#.......#...#
#...######.∩.....#...#
#...#..M@....'####...#
#...#.####...#...#...#
#...# #...#...#...#
#...##############...#
#....................#
#.........∩∩.........#
######################


You could see a mummy.

Vanquished Creatures
  Eustachio (D:4)
  An elf zombie (Ossuary)
  An orc wizard (D:3)
  2 worker ants
  Natasha (thrice) (D:3)
  A big kobold zombie (Ossuary)
  A mummy (Ossuary)
  Robin (D:4)
  3 adders
  3 gnolls (D:4)
  A shadow imp (D:5)
  An ooze (D:3)
  2 adder zombies
  A worm (D:4)
  5 dart slugs
  4 leopard geckos
  5 orcs (D:3)
  A ball python (D:2)
  7 bats
  2 giant cockroaches (D:1)
  13 goblins
  4 hobgoblins
  6 jackals
  13 kobolds
  6 frilled lizards
  12 hobgoblin zombies (Ossuary)
  4 jackal zombies (Ossuary)
  10 kobold zombies (Ossuary)
  6 orc zombies (Ossuary)
  7 rats
127 creatures vanquished.

Notes
Turn   | Place    | Note
-------+----------+-------------------------------------------
     0 | D:1      | Borgoz the Ghoul Monk began the quest for the Orb.
     0 | D:1      | Reached XP level 1. HP: 19/19 MP: 0/0
    40 | D:1      | You fall into a shaft and drop 1 floor!
    40 | D:2      | Found a glowing golden altar of the Shining One.
   309 | D:1      | Reached XP level 2. HP: 18/26 MP: 1/1
   747 | D:1      | Reached XP level 3. HP: 31/31 MP: 2/2
   939 | D:2      | Found a basalt altar of Yredelemnul.
  1452 | D:2      | Reached skill level 4 in Unarmed Combat
  1458 | D:2      | Found a faded altar of an unknown god.
  1619 | D:3      | Reached skill level 1 in Armour
  1869 | D:3      | Reached XP level 4. HP: 37/40 MP: 3/3
  1903 | D:3      | Reached skill level 1 in Shields
  1978 | D:3      | Noticed Natasha
  1987 | D:3      | Killed Natasha
  1987 | D:3      | Reached XP level 5. HP: 37/46 MP: 4/4
  1992 | D:3      | Noticed Natasha
  2002 | D:3      | HP: 2/46 [white imp[Natasha] (1)]
  2006 | D:3      | Killed Natasha
  2123 | D:3      | Noticed Natasha
  2135 | D:3      | Killed Natasha
  2720 | D:3      | Found a sparkling altar of Nemelex Xobeh.
  2793 | D:4      | Found a snail-covered altar of Cheibriados.
  2802 | D:4      | Noticed Robin
  2833 | D:4      | Killed Robin
  2840 | D:3      | Reached XP level 6. HP: 25/51 MP: 5/5
  2960 | D:4      | Reached skill level 5 in Unarmed Combat
  3040 | D:4      | Noticed Eustachio
  3070 | D:4      | Killed Eustachio
  3285 | D:4      | Found a radiant altar of Vehumet.
  3290 | D:4      | Found a staircase to the Ecumenical Temple.
  3302 | Temple   | Entered the Ecumenical Temple
  3483 | Temple   | Became a worshipper of Warmaster Okawaru
  3483 | Temple   | Reached * piety under Okawaru
  3483 | Temple   | Reached ** piety under Okawaru
  3588 | D:4      | Found an ancient bone altar of Kikubaaqudgha.
  3589 | D:4      | Found a shimmering blue altar of Sif Muna.
  3594 | D:4      | Identified Kikubaaqudgha's Grimoire of Necromancy
  3771 | D:4      | Reached XP level 7. HP: 60/60 MP: 6/6
  3804 | D:4      | Found a stormy altar of Qazlal.
  3937 | D:5      | Entered Level 5 of the Dungeon
  4023 | D:5      | Found a sand-covered staircase.
  4028 | Ossuary  | Entered an ossuary
  4317 | Ossuary  | Slain by a mummy

Levels and vault maps discovered:
D:1:      lightli_arrival_lavapool, layout_basic
D:2:      layout_loops_corners, yredelemnul_altar_generic, tso_metal_star,
          chequers_ecumenical_altar_simple, first_ration
D:3:      layout_basic, grunt_ministairs_10, nemelex_dance_club_becter,
          uniq_natasha
D:4:      layout_basic, grunt_temple_overflow_magic_moments,
          kennysheep_slug_shrine, old_standard_altar,
          minmay_temple_entry_statues_fountains, uniq_robin, uniq_eustachio
D:5:      layout_loops_ring, enter_ossuary_2, gammafunk_ghost_smash,
          gup_sewer_entry_glass, minmay_starry_boxes
Temple:   jpeg_temple_alley_garden
Ossuary:  ossuary_tomb_1

Skill      XL: |  1  2  3  4  5  6 |
---------------+-------------------+-----
Dodging        | 3 |  3.9
Unarmed Combat | 4 5 |  5.9
Armour         | 1 2 |  2.5
Shields        | 1 2 |  2.5
Fighting       | 4 |  4.8
Stealth        | |  2.1

Action                   |  1- 3 |  4- 6 |  7- 9 || total
-------------------------+-------+-------+-------++-------
Melee: Unarmed           |   115 |   183 |   192 ||   490
       Punch             |     1 |       |       ||     1
  Use: Scroll            |       |     3 |     6 ||     9
       Potion            |       |       |     3 ||     3
 Stab: Sleeping          |     4 |     5 |     1 ||    10
  Eat: Chunk             |    11 |    23 |     2 ||    36
Armor: Robe              |     6 |       |       ||     6
       Leather armour    |    16 |    30 |    63 ||   109
       Ring mail         |       |    56 |       ||    56
Dodge: Dodged            |    64 |   121 |    95 ||   280
Block: Shield            |    14 |    91 |    71 ||   176

Table legend:
 A = Non-vault XP
 B = Vault XP
 C = Vault XP percentage of total XP
 D = Non-vault monster count
 E = Vault monster count
 F = Vault count percentage of total count
                 A         B        C        D         E       F
            +---------+---------+-------+---------+---------+-------
      Total |     398 |     468 |  54.0 |      74 |      53 |  41.7
            +---------+---------+-------+---------+---------+-------
        D:1 |      35 |       0 |   0.0 |      20 |       0 |   0.0
        D:2 |      20 |       0 |   0.0 |      10 |       0 |   0.0
        D:3 |     186 |      45 |  19.5 |      29 |       4 |  12.1
        D:4 |      94 |     247 |  72.4 |      11 |      13 |  54.2
        D:5 |      63 |       0 |   0.0 |       4 |       0 |   0.0
    Ossuary |       0 |     176 | 100.0 |       0 |      36 | 100.0
            +---------+---------+-------+---------+---------+-------
